 Dungeon Crawl Stone Soup version 0.27-a0-1502-g47ed6a6988 (webtiles) character file.

Game seed: 14247724525965082075

977 Spaninq the Slasher (level 7, -1/91 HPs)
             Began as a Red Draconian Warper on July 8, 2021.
             Was an Initiate of Okawaru.
             Succumbed to a water moccasin's poison
             ... on level 5 of the Dungeon.
             The game lasted 00:17:38 (6372 turns).

Spaninq the Slasher (Red Draconian Warper)          Turns: 6372, Time: 00:17:38

Health: -1/91      AC: 23    Str: 15    XL:     7   Next: 95%
Magic:  10/10      EV:  2    Int: 13    God:    Okawaru [......]
Gold:   267        SH:  0    Dex: 11    Spells: 8/10 levels left

rFire    . . .     SeeInvis .   a - +1 falchion
rCold    . . .     Faith    .   (no shield)
rNeg     + + +     Spirit   .   (armour unavailable)
rPois    +         Reflect  .   (helmet currently unavailable)
rElec    .         Harm     .   (cloak currently unavailable)
rCorr    .         Rampage  .   (gloves currently unavailable)
Will     .....     NoTele   +   (boots currently unavailable)
Stlth    +.........             (no amulet)
HPRegen  0.25/turn              (no ring)
MPRegen  0.12/turn              (no ring)

@: brilliant, lethally poisoned (-1 -> -10), short of breath, tree-form
A: stationary, stasis, torment immunity, boosted hp, (breathe fire), AC +6,
unfitting armour, (fire resistance 1), (cold-blooded)
a: Renounce Religion


You were on level 5 of the Dungeon.
You worshipped Okawaru.
Okawaru was noncommittal.
You were a tree.
You visited 1 branch of the dungeon, and saw 5 of its levels.
You also visited: Sewer.

You collected 267 gold pieces.

Inventory:

Hand Weapons
 a - a +1 falchion (weapon)
Missiles
 c - 5 boomerangs of dispersal (quivered)
Armour
 p - a +0 tower shield
Jewellery
 m - a ring of fire
 n - a ring of flight
Wands
 h - a wand of paralysis (4)
Scrolls
 b - a scroll of blinking
 d - a scroll of enchant weapon
 e - 3 scrolls of silence {unknown}
 f - 3 scrolls of identify
 g - a scroll of vulnerability {unknown}
 i - a scroll of fear {unknown}
 j - a scroll of immolation {unknown}
 k - a scroll of enchant armour {unknown}
 o - a scroll of teleportation {unknown}
Potions
 l - 2 potions of brilliance


   Skills:
 + Level 5.4 Fighting
 * Level 6.7 Long Blades
 - Level 0.8 Throwing
 + Level 4.6 Dodging
 + Level 0.1 Shields
 - Level 2.0 Spellcasting
 - Level 3.0 Translocations


You had 8 spell levels left.
You knew the following spells:

 Your Spells              Type           Power      Damage    Failure   Level
a - Blink                 Tloc           N/A        N/A       11%         2

Your spell library contained the following spells:

 Spells                   Type           Power      Damage    Failure   Level
 Gell's Gravitas          Tloc           6%         N/A       22%         3
 Lesser Beckoning         Tloc           6%         N/A       22%         3
 Teleport Other           Tloc           13%        N/A       22%         3
 Pain                     Necr           4%         1d4       26%         1
 Sandblast                Erth           2%         2d4       26%         1
 Passwall                 Tmut/Erth      0%         N/A       36%         2
 Inner Flame              Hex/Fire       1%         N/A       58%         3
 Manifold Assault         Tloc           13%        N/A       90%         5
 Cause Fear               Hex            0%         N/A       94%         4
 Agony                    Necr           1%         N/A       100%        5
 Excruciating Wounds      Necr           0%         N/A       100%        5
 Lee's Rapid Deconstruct  Erth           0%         3d5*      100%        5
 Dispersal                Tloc           6%         N/A       100%        6
 Discord                  Hex            0%         N/A       100%        8
 Disjunction              Tloc           6%         N/A       100%        8


Dungeon Overview and Level Annotations

Branches:
Dungeon (5/15)              Sewer (visited)
 Temple: D:4-7

Altars:
Hepliaklqana
Kikubaaqudgha
Okawaru
Ru
Trog
Vehumet
Wu Jian
Xom
Zin

Shops:
D:2 ?   D:5 (

Annotations:
D:3 Sigmund


Innate Abilities, Weirdness & Mutations

You are a tree.
Your roots penetrate the ground, keeping you stationary.
You cannot be teleported.
You are immune to unholy pain and torment.
Your maximum health is greatly increased.
Your equipment is partially melded.
((You can breathe blasts of fire.))
((Your fiery red scales are hard. (AC +6)))
You cannot fit into any form of body armour.
((Your flesh is heat resistant. (rF+)))
((You are cold-blooded and may be slowed by cold attacks.))


Message History

You feel very sick. The water moccasin closely misses you.
You riposte.
You hit the water moccasin but do no damage.
The water moccasin is severely wounded.
The water moccasin closely misses you.
Press: ? - help, Shift-Dir - straight line, f - water moccasin
Aim: a water moccasin (severely wounded)
You breathe a blast of fire.
The fiery breath hits the water moccasin.
The water moccasin is almost dead.
You feel very sick. The water moccasin barely misses you.
You riposte.
You miss the water moccasin.
The water moccasin is almost dead.
You barely miss the water moccasin.
The water moccasin is almost dead.
You feel very sick. The water moccasin bites you.
* * * LOW HITPOINT WARNING * * *
You are lethally poisoned!
The water moccasin poisons you!
It was a potion of brilliance.
You feel clever all of a sudden.
* * * LOW HITPOINT WARNING * * *
You feel very sick. The water moccasin misses you.
The water moccasin bites you but does no damage.
It was a potion of lignification.
You turn into a tree.
Your roots penetrate the ground.
* * * LOW HITPOINT WARNING * * *
You feel very sick.
The water moccasin bites you but does no damage.
You hit the water moccasin.
The water moccasin is almost dead.
* * * LOW HITPOINT WARNING * * *
You feel very sick. The water moccasin bites you.
* * * LOW HITPOINT WARNING * * *
You miss the water moccasin.
The water moccasin is almost dead.
You die...

##########
#....[...#
#.######.#########
#.# #..<......#
#.##############.#
#.#☼..S♣(# #.#
#^#.####.#
#.####### #.#.#
#.# #..>.....
#.#.# #.#
#######.# #.#.#
#.# #....... #.#.#
#.# #.####..
#####.#[# ##.##
#.# #..
#.....#.###...#
#.# #..
#.##..........#
#.# #.#


You could see a water moccasin.

Vanquished Creatures
  Eustachio (D:4)
  Purgy (Sewer)
  2 black bears (D:5)
  A necrophage (D:4)
  2 phantoms (D:4)
  A centaur skeleton (D:2)
  An iguana (D:4)
  An orc priest (D:5)
  An orc wizard (D:5)
  A howler monkey zombie (D:5)
  A gnoll (D:5)
  10 adders
  An ufetubus (D:5)
  An adder skeleton (D:4)
  4 worms
  A dart slug (D:1)
  9 orcs
  7 bats
  4 endoplasms
  7 giant cockroaches
  4 hobgoblins
  5 quokkas
  9 ball pythons
  2 frilled lizards
  4 goblins (D:2)
  6 kobolds
  3 rats
90 creatures vanquished.

Vanquished Creatures (others)
  5 plants (D:1)
  3 withered plants (D:1)
8 creatures vanquished.

Grand Total: 98 creatures vanquished

Notes
Turn   | Place    | Note
-------+----------+-------------------------------------------
     0 | D:1      | Spaninq the Draconian Warper began the quest for the Orb.
     0 | D:1      | Reached XP level 1. HP: 17/17 MP: 3/3
   487 | D:1      | Reached XP level 2. HP: 25/25 MP: 5/5
   651 | D:1      | Found a faded altar of an unknown god.
  1322 | D:2      | Reached skill level 3 in Long Blades
  1322 | D:2      | Reached XP level 3. HP: 16/30 MP: 6/6
  1575 | D:2      | Learned a level 2 spell: Blink
  1617 | D:2      | Found Juynuf's Magic Scroll Shop.
  1708 | D:2      | Reached XP level 4. HP: 38/38 MP: 7/7
  2116 | D:3      | Noticed Sigmund
  2871 | D:3      | Found an ornate altar of the Wu Jian Council.
  2995 | D:3      | Found a large runed translucent door.
  2996 | D:3      | Found a large runed translucent door.
  3015 | D:3      | Found a hazy altar of Hepliaklqana.
  3023 | D:3      | Found an ancient bone altar of Kikubaaqudgha.
  3231 | D:4      | Noticed a necrophage
  3300 | D:4      | Found a radiant altar of Vehumet.
  3343 | D:4      | Reached skill level 4 in Long Blades
  3343 | D:4      | Reached XP level 5. HP: 19/45 MP: 8/8
  3351 | D:4      | Found a glowing drain.
  3445 | Sewer    | Entered a sewer
  3578 | Sewer    | Noticed Purgy
  3614 | Sewer    | Killed Purgy
  3615 | Sewer    | Reached XP level 6. HP: 52/52 MP: 9/9
  3694 | D:4      | Noticed Eustachio
  3714 | D:4      | Killed Eustachio
  3715 | D:4      | Reached skill level 5 in Long Blades
  3924 | D:4      | Your scales start taking on a fiery red colour.
  3924 | D:4      | Reached XP level 7. HP: 48/60 MP: 10/10
  3924 | D:4      | Gained mutation: Your flesh is heat resistant. (rF+) [Red
                  | Draconian growth]
  4009 | D:4      | Found a glowing silver altar of Zin.
  4575 | D:4      | Reached skill level 6 in Long Blades
  4766 | D:4      | Found a shimmering altar of Xom.
  4768 | D:4      | Found a sacrificial altar of Ru.
  4825 | D:5      | Entered Level 5 of the Dungeon
  4896 | D:5      | Reached skill level 5 in Fighting
  5393 | D:5      | Found Erphavuvi's Antique Weapon Emporium.
  6061 | D:5      | Found an iron altar of Okawaru.
  6061 | D:5      | Found a bloodstained altar of Trog.
  6075 | D:5      | Became a worshipper of Warmaster Okawaru
  6371 | D:5      | HP: 1/91 [water moccasin (4)]
  6372 | D:5      | Succumbed to a water moccasin's poison

Illustrated notes

Levels and vault maps discovered:
D:1:      kennysheep_arrival_seaside, layout_loops_ring,
          shapermc_ecumenical_altar_flowoftime, chequers_serial_rivers_small_b,
          minmay_heptomino_w4
D:2:      layout_loops_cross, serial_shops, nicolae_shop_behind_doors
D:3:      layout_basic, jmf_multi_god_temple2, nzn_wu_jian_council_hall,
          uniq_sigmund
D:4:      layout_basic, zin_treasury, overflow_temple_1_default,
          nicolae_overflow_hidden_temple, portal_sewer_entry_f, uniq_eustachio
D:5:      layout_loops_ring, grunt_temple_overflow_bloody_war, serial_shops,
          shop

Skill      XL: |  1  2  3  4  5  6  7 |
---------------+----------------------+-----
Long Blades    | 3 4 5 6 |  6.7
Fighting       | 3 4 5 |  5.4
Dodging        | 3 4 |  4.6
Throwing       | |  0.8
Shields        | |  0.1
Spellcasting   | |  2.0
Translocations | |  3.0

Action                   |  1- 3 |  4- 6 |  7- 9 || total
-------------------------+-------+-------+-------++-------
Melee: Falchion          |   110 |   180 |   174 ||   464
       Tailslap          |    10 |    29 |    18 ||    57
 Abil: Breathe Fire      |       |       |     3 ||     3
  Use: Potion            |       |     4 |     2 ||     6
       Scroll            |       |     2 |       ||     2
 Stab: Sleeping          |     1 |     1 |     1 ||     3
Armor: Skin              |    34 |    68 |    81 ||   183
Dodge: Dodged            |    76 |   131 |   140 ||   347
       Rpst.: Falchion   |    21 |    43 |    28 ||    92

Table legend: (Time is in decaauts)
 A = Elapsed time spent in this place.
 B = Non-inter-level travel time spent in this place.
 C = Inter-level travel time spent in this place.
 D = Time resting spent in this place.
 E = Time spent auto-exploring this place.
 F = Levels seen in this place.
 G = Mean time per level.
                   A        B        C        D        E       F      G
               +--------+--------+--------+--------+--------+-----+--------+
         Total |   6440 |   6239 |    201 |   1513 |   3340 |   6 | 1073.3 |
       Dungeon |   6204 |   6003 |    201 |   1419 |   3293 |   5 | 1240.8 |
         Sewer |    235 |    235 |      0 |     94 |     47 |   1 |  235.0 |
               +--------+--------+--------+--------+--------+-----+--------+

Top non-repeatable levels by time:
     D:5: 1545 daAuts
     D:4: 1425 daAuts
     D:1: 1295 daAuts
     D:2: 1105 daAuts
     D:3: 833 daAuts
   Sewer: 235 daAuts
